 Dungeon Crawl Stone Soup version 0.30.1-4-g462c640d31 (webtiles) character file.

Game seed: 1384002562183830369

315 SpecularKarma the Chopper (level 6, -6/53 HPs)
             Began as a Hill Orc Berserker on Aug 31, 2023.
             Was a Believer of Trog.
             Splashed by a jelly's acid (8 damage)
             ... on level 5 of the Dungeon.
             The game lasted 00:17:43 (1896 turns).

SpecularKarma the Chopper (Hill Orc Berserker)      Turns: 1896, Time: 00:17:44

Health: -6/53      AC:  0    Str: 22    XL:     6   Next: 44%
Magic:  6/6        EV:  7    Int:  7    God:    Trog [**....]
Gold:   174        SH:  5    Dex: 10    Spells: 5/5 levels left

rFire   . . .        u - +0 mace (protect)
rCold   . . .        (no shield)
rNeg    . . .        h - +0 plate armour
rPois   .            x - +0 helmet
rElec   .            s - scarf {repulsion}
rCorr   .            (no gloves)
SInv    .            (no boots)
Will    .....        g - amulet of reflection Stlth
                     (no ring)
HPRegen 0.28/turn    (no ring)
MPRegen 0.10/turn

%: repel missiles, reflection
@: corroded, under a protective aura
A: no striking features
a: Renounce Religion, Berserk, Trog's Hand


You were on level 5 of the Dungeon.
You worshipped Trog.
Trog was pleased with you.
You visited 1 branch of the dungeon, and saw 5 of its levels.

You collected 174 gold pieces.

Inventory:

Hand Weapons
 a - a +0 hand axe
 d - a +0 hand axe
 j - a +0 long sword
 u - a +0 mace of protection (weapon)
 z - a +2 short sword of speed
Armour
 b - a +0 animal skin
 e - a +0 robe
 h - a +0 plate armour (worn)
 k - a +1 barding
 s - a scarf of repulsion (worn)
 x - a +0 helmet (worn)
Jewellery
 g - an amulet of reflection (around neck)
 i - a ring of resist corrosion
 B - an amulet of regeneration
Scrolls
 c - a scroll of magic mapping
 m - a scroll of fog {unknown}
 n - a scroll of brand weapon {unknown}
 o - 3 scrolls of identify {unknown}
 q - a scroll of teleportation {unknown}
 t - a scroll of enchant armour {unknown}
 y - a scroll of amnesia {unknown}
Potions
 f - 3 potions of curing {unknown}
 l - a potion of might {unknown}
 p - a potion of invisibility {unknown}
 r - a potion of attraction {unknown}
 v - 2 potions of degeneration {unknown}
 w - a potion of cancellation {unknown}
 A - a potion of mutation {unknown}


   Skills:
 + Level 4.5 Fighting
 + Level 1.6 Long Blades
 + Level 5.4(5.7) Axes
 + Level 2.3(3.7) Maces & Flails
 + Level 4.5 Armour
 + Level 1.7 Dodging
 + Level 1.6 Shields


You had 5 spell levels left.
You didn't know any spells.
Your spell library was empty.

Dungeon Overview and Level Annotations

Branches:
Dungeon (5/15)             Temple (0/1) D:5

Altars:
Dithmenos
Fedhas

Shops:
D:5 [


Message History

The jelly quivers.
Something hits the bush but does no damage.
Something completely misses the bush.
The jelly hits you but does no damage.
An iguana comes into view.
Found a leather armour.
You see here a dark potion.
You hit the jelly but do no damage.
Your weapon exudes an aura of protection.
The acid corrodes you!
Your hands burn!
You block the jelly's attack.
You hit the jelly. The acid corrodes you!
Your hands burn!
The jelly is lightly wounded.
The jelly closely misses you. The jelly hits you.
You are splashed with acid!
You barely miss the jelly.
The jelly is lightly wounded.
The jelly hits you but does no damage.
You hit the jelly but do no damage.
Your hands burn!
The jelly is lightly wounded.
The jelly closely misses you.
The iguana bites you but does no damage.
You thump the jelly!
Your hands burn!
The jelly is severely wounded.
The jelly closely misses you. The iguana bites you.
You hit the jelly. The acid corrodes you!
Your hands burn!
The jelly is severely wounded.
The jelly completely misses you. The iguana bites you.
* * * LOW HITPOINT WARNING * * *
You block the jelly's attack.
The iguana hisses menacingly.
You hit the jelly. The acid corrodes you!
Your hands burn!
* * * LOW HITPOINT WARNING * * *
The jelly is almost dead.
The jelly hits you.
* * * LOW HITPOINT WARNING * * *
The acid corrodes you!
You are splashed with acid!
* * * LOW HITPOINT WARNING * * *
The jelly hits you.
* * * LOW HITPOINT WARNING * * *
You are splashed with acid!
You die...

,,,,,,,,,,,,,,#..........# *,*,*
,,,,,,,,,,..,,,..........# *,,,**
,,,,,,,,,,...,*#.........#****,,*
,,,**,,,,,....*#.........#,,,,,,,
,,,,*,,,,,....##..........,****,,
,,,,,***,..##............#** **,,
,,,,,****#..[............# *,,,
,,,,,..**##..###.J!#**.#******,,,
*,***#.**..>.##.@#.###.# *,,,,,,
*,####.##.##....##..#..####,,,*,*
*,........##.#.####........,**,,*
#*#......##..#...##...####.**,,,*
..#.*#...##.##*#....#.###.#*,,,,*
....###.....####.#........#**,>,,
**#.[............##.#.#...#**,,,,
,,#..#...........#P.P#.....*,,,**
,,#..##.>...)....##.###.#..,,,***


You could see a jelly.

Vanquished Creatures
  An ice beast (D:5)
  A scorpion (D:4)
  A hound (D:4)
  A jelly (D:5)
  An iguana (D:5)
  An adder (D:2)
  An ufetubus (D:4)
  2 worms (D:2)
  5 dart slugs
  9 orcs
  2 endoplasms
  4 goblins
  6 hobgoblins
  3 jackals (D:1)
  3 kobolds (D:1)
  A quokka (D:1)
  2 ball pythons
  3 bats
  2 frilled lizards (D:1)
  3 rats
52 creatures vanquished.

Notes
Turn   | Place    | Note
-------+----------+-------------------------------------------
     0 | D:1      | SpecularKarma the Hill Orc Berserker began the quest for
                  | the Orb.
     0 | D:1      | Reached XP level 1. HP: 19/19 MP: 1/1
    91 | D:1      | Found a faded altar of an unknown god.
    98 | D:1      | Reached XP level 2. HP: 13/27 MP: 2/2
   527 | D:2      | Reached XP level 3. HP: 33/33 MP: 3/3
   733 | D:2      | Reached ** piety under Trog
  1058 | D:3      | Reached skill level 1 in Long Blades
  1179 | D:4      | Noticed a scorpion
  1194 | D:4      | Killed a scorpion
  1195 | D:4      | Reached skill level 5 in Axes
  1195 | D:4      | Reached skill level 1 in Shields
  1195 | D:4      | Reached XP level 4. HP: 34/41 MP: 4/4
  1208 | D:4      | Reached XP level 5. HP: 39/47 MP: 5/5
  1307 | D:4      | Found a shadowy altar of Dithmenos.
  1678 | D:5      | Entered Level 5 of the Dungeon
  1678 | D:5      | Noticed an ice beast
  1696 | D:5      | Killed an ice beast
  1697 | D:5      | Reached skill level 1 in Maces & Flails
  1697 | D:5      | Reached XP level 6. HP: 16/53 MP: 6/6
  1798 | D:5      | Found Qaehaghu's Armour Boutique.
  1864 | D:5      | Found a blossoming altar of Fedhas.
  1896 | D:5      | HP: 2/53 [jelly (3)]
  1896 | D:5      | Splashed by a jelly's acid

Illustrated notes

Levels and vault maps discovered:
D:1:      wander_arrival_abandoned_jail, layout_rooms, basic_ecumenical_altar
D:2:      layout_loops_corners
D:3:      layout_basic, brannock_xom_greatest_gift
D:4:      layout_loops_corners, nicolae_dithmenos_through_a_glass_darkly
D:5:      layout_rooms, fedhas_altar_decomposition, minmay_temple_entry_wispy,
          serial_shops, kennysheep_mini, kennysheep_diamond,
          minmay_misc_feat_rows, sigmund_edmund_badplayer

Skill      XL: |  1  2  3  4  5  6 |
---------------+-------------------+-----
Fighting       | 4 |  4.5
Long Blades    | 1 |  1.6
Axes           | 5 |  5.4
Armour         | 3 4 |  4.5
Shields        | 1 |  1.6
Maces & Flails | 1 2 |  2.3
Dodging        | |  1.7

Action                     |  1- 3 |  4- 6 || total
---------------------------+-------+-------++-------
  Melee: Hand axe          |    79 |       ||    79
         Long sword        |    39 |       ||    39
         Punch             |     1 |     2 ||     3
         Mace              |    14 |   109 ||   123
    Use: Scroll            |       |     1 ||     1
 Armour: Animal skin       |     2 |       ||     2
         Plate armour      |    91 |    68 ||   159
         Robe              |     2 |       ||     2
  Dodge: Dodged            |    64 |    38 ||   102
         Repelled          |     2 |     2 ||     4
  Block: Other             |    40 |    33 ||    73
         Reflection        |       |     1 ||     1
